 Dungeon Crawl Stone Soup version 0.28.0-45-g0d030f2227 (webtiles) character file.

Game seed: 14938289134288582396

10472 RascalDebosk the Fighter (level 11, -3/93 HPs)
             Began as a Palentonga Berserker on Apr 16, 2022.
             Was an Elder of Trog.
             Slain by an ogre
             ... wielding a +0 halberd
              (7 damage)
             ... in a bailey.
             The game lasted 01:15:09 (7511 turns).

RascalDebosk the Fighter (Palentonga Berserker)     Turns: 7511, Time: 01:15:10

Health: -3/93      AC: 29    Str: 29    XL:     11   Next: 36%
Magic:  11/11      EV:  5    Int: 13    God:    Trog [****..]
Gold:   295        SH:  0    Dex: 14    Spells: 10/10 levels left

rFire   + + .      SeeInvis +   b - +1 war axe
rCold   + + .      Faith    .   (no shield)
rNeg    . . .      Spirit   .   p - +2 gold dragon scales
rPois   +          Reflect  .   g - +2 helmet
rElec   .          Harm     .   A - +2 cloak {Will+}
rCorr   .          Rampage  .   (no gloves)
Will    +....                   (no barding)
Stlth   ..........              f - amulet of regeneration
HPRegen 1.05/turn               B - ring of the Octopus King {rF+ AC+1 EV+1 Str+1 Int+1 Dex+1}
MPRegen 0.12/turn               D - ring of Obrefi Zopua {rC+ Str+4 Int+4 Dex+3}

@: invisible, curled up
A: large, rugged brown scales 3, see invisible, deformed body, roll 1, armoured
tail, reflexive curl
a: Rolling Charge, Renounce Religion, Berserk, Trog's Hand, Brothers in Arms


You were in a bailey.
You worshipped Trog.
Trog was greatly pleased with you.
You visited 2 branches of the dungeon, and saw 11 of its levels.
You also visited: Bailey.

You collected 1145 gold pieces.
You spent 850 gold pieces at shops.

Inventory:

Hand Weapons
 b - a +1 war axe (weapon)
 r - a +2 spear of venom
Missiles
 c - a throwing net
 e - 6 boomerangs
 l - 15 poisoned darts
 q - a silver boomerang
 u - a curare-tipped dart
Armour
 g - a +2 helmet (worn)
 o - a scarf of invisibility
 p - +2 gold dragon scales (worn)
 A - a +2 cloak of willpower (worn)
Jewellery
 f - an amulet of regeneration (around neck)
 v - a ring of flight
 B - a ring of the Octopus King (left hand) {rF+ AC+1 EV+1 Str+1 Int+1 Dex+1}
   (You found it on level 8 of the Dungeon)

   [ring of protection from fire]

   AC:        It affects your AC (+1).
   EV:        It affects your evasion (+1).
   Str:       It affects your strength (+1).
   Int:       It affects your intelligence (+1).
   Dex:       It affects your dexterity (+1).
   rF:        It protects you from fire.
 C - a ring of protection from fire
 D - the ring of Obrefi Zopua (right hand) {rC+ Str+4 Int+4 Dex+3}
   (You bought it in a shop on level 7 of the Dungeon)

   [ring of protection from cold]

   Str:       It affects your strength (+4).
   Int:       It affects your intelligence (+4).
   Dex:       It affects your dexterity (+3).
   rC:        It protects you from cold.
Wands
 i - a wand of iceblast (10)
 t - a wand of acid (3)
 w - a wand of digging (5)
 x - a wand of flame (12)
 y - a wand of paralysis (13)
Scrolls
 a - a scroll of fog
 h - 5 scrolls of teleportation
 j - a scroll of vulnerability
 m - a scroll of identify
 s - 3 scrolls of holy word
Potions
 d - a potion of might
 k - 5 potions of curing


   Skills:
 + Level 8.7 Fighting
 + Level 8.7 Axes
 + Level 5.9 Throwing
 + Level 7.0 Armour
 - Level 2.0 Dodging
 + Level 7.2 Evocations


You had 10 spell levels left.
You didn't know any spells.
Your spell library was empty.

Dungeon Overview and Level Annotations

Branches:
Dungeon (10/15)            Temple (1/1) D:5             Orc (0/2) D:9
 Bailey (1/1)
   Lair: D:8-11

Altars:
Ashenzari
Cheibriados
Dithmenos
Elyvilon
Fedhas
Gozag
Hepliaklqana
Makhleb
Nemelex Xobeh
Okawaru
Qazlal
Sif Muna
Trog
Uskayaw
Vehumet
Wu Jian
Xom
Yredelemnul
Zin
The Shining One
Beogh

Shops:
D:6 *   D:7 =   D:9 *

Annotations:
D:9 1 runed translucent door, croobank's ghost, journeyman HOFi


Innate Abilities, Weirdness & Mutations

You are completely covered in rugged brown scales. (AC +3, +7% HP)
You have supernaturally acute eyesight. (SInv)
Armour fits poorly on your strangely shaped body.
You can roll at nearby foes to attack.
You have a long armoured tail.
You curl defensively after being hit. (AC +7*)


Message History

Aim: a spriggan, wielding a +0 spear (heavily wounded, slightly transparent, 51% to hit)
The puff of flame misses the spriggan.
The spriggan hits you but does no damage. x3
The spriggan hits you but does no damage.
The spriggan hits you with a +0 spear.
* * * LOW HITPOINT WARNING * * *
The spriggan hits you from afar with a +0 spear.
* * * LOW HITPOINT WARNING * * *
Items here: )))) ††††.
The spriggan hits you from afar with a +0 spear.
* * * LOW HITPOINT WARNING * * *
The spriggan hits you but does no damage.
The spriggan hits you from afar with a +0 spear.
* * * LOW HITPOINT WARNING * * *
You feel yourself speed up. The spriggan barely misses you.
You see here a +0 halberd.
The spriggan hits you from afar with a +0 spear.
* * * LOW HITPOINT WARNING * * *
The spriggan hits you from afar with a +0 spear.
* * * LOW HITPOINT WARNING * * *
The spriggan hits you but does no damage. x2
An ogre comes into view. It is wielding a +0 glaive.
The ogre shouts!
The ogre shouts!
You hear a shout!
An ogre comes into view. It is wielding a +0 halberd.
The ogre hits you but does no damage. The spriggan barely misses you.
The spriggan hits you but does no damage.
The ogre shouts!
The ogre shouts! x2
The spriggan hits you but does no damage. x2
The ogre hits you with a +0 glaive.
* * * LOW HITPOINT WARNING * * *
You recover from your berserk rage.
An ogre comes into view. It is wielding a +0 halberd.
The ogre shouts! x2
The ogre hits you from afar with a +0 glaive.
* * * LOW HITPOINT WARNING * * *
The ogre hits you with a +0 halberd!
You die...

##..# #..##
#.....# #...#
#..###.....##
#...#
#..≈≈≈..∩...#
#..≈#
#..≈≈≈......#
#..≈≈
#..≈≈≈......#
#..≈#
#..))≈......#
#.).#
#..≈O≈..∩...#
#...#
♣#O.###.....##
##))## ♣♣@.##
#.....# ##).##
##..## ##...##
##..######♣iO##
##.##
##.).....i.##
### ##.......##
#########


You could see 3 ogres and 2 spriggans.

Vanquished Creatures
  A two-headed ogre (D:9)
  A flayed ghost (D:9)
  A deep elf pyromancer (D:9)
  A kobold demonologist (D:9)
  An unseen horror (D:9)
  2 trolls
  A slime creature (D:8)
  2 spriggans (Bailey)
  2 shadows
  Sigmund (D:2)
  A wraith (D:9)
  2 wyverns
  3 yaks
  A steam dragon (D:9)
  Menkaure (D:7)
  4 orc warriors
  3 ice beasts
  A black bear (D:5)
  A necrophage (D:6)
  6 ogres (Bailey)
  4 centaurs
  3 phantoms (D:5)
  2 kobold brigands (D:9)
  Blork the orc (D:5)
  6 bullfrogs
  2 gnoll sergeants
  2 scorpions (D:4)
  A wyvern skeleton (D:5)
  3 killer bees (D:9)
  5 howler monkeys (D:9)
  4 centaur zombies
  2 bullfrog skeletons (D:5)
  3 jellies
  3 gnoll shamans (D:7)
  Crazy Yiuf (D:6)
  7 orc priests
  4 hounds
  2 iguanas
  6 orc wizards
  A scorpion zombie (D:5)
  A killer bee zombie (D:9)
  2 hound skeletons
  A howler monkey zombie (D:9)
  10 gnolls
  13 adders
  A shadow imp (D:5)
  2 white imps (D:6)
  2 ufetubi
  An adder skeleton (D:4)
  2 worms (D:2)
  3 dart slugs
  27 orcs
  6 bats
  10 endoplasms
  2 giant cockroaches
  8 goblins
  4 hobgoblins
  6 jackals (D:1)
  15 kobolds
  3 quokkas
  9 ball pythons
  4 frilled lizards
  6 rats
236 creatures vanquished.

Vanquished Creatures (collateral kills)
  A shock serpent (shapeshifter) (D:9)
  A spriggan (Bailey)
  A vampire (D:9)
  A human (shapeshifter) (D:9)
  A steam dragon (D:9)
  An orc warrior (D:9)
  2 ogres (Bailey)
  2 wights (D:9)
10 creatures vanquished.

Vanquished Creatures (others)
  An orc wizard (D:4)
  8 plants (D:9)
9 creatures vanquished.

Grand Total: 255 creatures vanquished

Notes
Turn   | Place    | Note
-------+----------+-------------------------------------------
     0 | D:1      | RascalDebosk the Palentonga Berserker began the quest for
                  | the Orb.
     0 | D:1      | Reached XP level 1. HP: 19/19 MP: 1/1
   170 | D:1      | Reached XP level 2. HP: 20/25 MP: 2/2
   622 | D:1      | Reached ** piety under Trog
   752 | D:1      | Reached XP level 3. HP: 31/31 MP: 3/3
  1410 | D:2      | Reached XP level 4. HP: 36/37 MP: 4/4
  1570 | D:2      | Noticed Sigmund
  1579 | D:2      | Killed Sigmund
  1580 | D:2      | Reached skill level 1 in Throwing
  1580 | D:2      | Reached skill level 1 in Evocations
  1580 | D:2      | Reached XP level 5. HP: 44/44 MP: 5/5
  2143 | D:3      | Found an iron altar of Okawaru.
  2234 | D:3      | Reached XP level 6. HP: 51/51 MP: 6/6
  2266 | D:3      | Reached *** piety under Trog
  2882 | D:4      | Gained mutation: You curl defensively after being hit. (AC
                  | +7*) [Palentonga growth]
  2882 | D:4      | Reached XP level 7. HP: 54/58 MP: 7/7
  2916 | D:4      | Identified a scroll of acquirement
  2916 | D:4      | Acquired 593 gold pieces
  3087 | D:4      | You fall into a shaft and drop 1 floor!
  3087 | D:5      | Entered Level 5 of the Dungeon
  3150 | D:5      | Found a staircase to the Ecumenical Temple.
  3311 | D:5      | Noticed Blork the orc
  3321 | D:5      | Reached skill level 5 in Fighting
  3321 | D:5      | Reached skill level 5 in Axes
  3326 | D:5      | Killed Blork the orc
  3339 | D:5      | Reached XP level 8. HP: 35/66 MP: 8/8
  3660 | Temple   | Entered the Ecumenical Temple
  3893 | D:6      | Reached **** piety under Trog
  3936 | D:6      | Found Iqufipe's General Store.
  3940 | D:6      | Bought a wand of paralysis (3) for 55 gold pieces
  3940 | D:6      | Bought a potion of heal wounds for 55 gold pieces
  3950 | D:6      | Found a runed translucent door.
  3951 | D:6      | Noticed Crazy Yiuf
  3957 | D:6      | Killed Crazy Yiuf
  4101 | D:6      | Noticed a troll
  4115 | D:6      | Killed a troll
  4188 | D:6      | Reached XP level 9. HP: 48/73 MP: 9/9
  4243 | D:6      | Found a white marble altar of Elyvilon.
  4287 | D:6      | Found an opulent altar of Gozag.
  4792 | D:7      | Found Menanw Fozu's Jewellery Boutique.
  4843 | D:7      | Bought the ring of Obrefi Zopua {rC+ Str+4 Int+4 Dex+3} for
                  | 606 gold pieces
  4992 | D:7      | Noticed Menkaure
  4994 | D:7      | Killed Menkaure
  4995 | D:7      | Reached skill level 5 in Armour
  5161 | D:7      | Reached skill level 5 in Evocations
  5506 | D:8      | Noticed a +0 dagger
  5507 | D:8      | Found a hide-covered altar of Uskayaw.
  5508 | D:8      | Noticed a +0 dagger
  5609 | D:8      | Found a radiant altar of Vehumet.
  5677 | D:8      | Found a shimmering blue altar of Sif Muna.
  5694 | D:8      | Found the ring of the Octopus King
  5725 | D:8      | Identified a ring of the Octopus King {rF+ AC+1 EV+1 Str+1
                  | Int+1 Dex+1}
  5766 | D:8      | Found a glowing silver altar of Zin.
  5766 | D:8      | Found an ornate altar of the Wu Jian Council.
  5946 | D:8      | Reached XP level 10. HP: 68/84 MP: 10/10
  6128 | D:9      | Found a staircase to the Orcish Mines.
  6510 | D:9      | Noticed a two-headed ogre
  6534 | D:9      | Killed a two-headed ogre
  6535 | D:9      | Reached skill level 5 in Throwing
  6627 | D:9      | Noticed a shock serpent
  6637 | D:9      | Killed a shock serpent
  6697 | D:9      | Reached XP level 11. HP: 92/92 MP: 11/11
  6818 | D:9      | Identified the +8 dagger of Lyichod {spect, *Slow rPois rF+
                  | Will+}
  6897 | D:9      | Noticed a flayed ghost
  6918 | D:9      | Killed a flayed ghost
  7015 | D:9      | Found Junwirr's CLEARANCE SALE!.
  7018 | D:9      | Bought a +2 helmet for 82 gold pieces
  7018 | D:9      | Bought a scroll of enchant weapon for 37 gold pieces
  7018 | D:9      | Bought a scroll of teleportation for 15 gold pieces
  7063 | D:9      | Noticed a deep elf pyromancer
  7077 | D:9      | Found a runed translucent door.
  7080 | D:9      | Killed a deep elf pyromancer
  7083 | D:9      | Noticed croobank's ghost (journeyman HOFi)
  7084 | D:9      | Noticed a deep elf zephyrmancer
  7387 | D:10     | Entered Level 10 of the Dungeon
  7387 | D:10     | Found a flagged portal.
  7402 | Bailey   | Entered a bailey
  7502 | Bailey   | HP: 3/93 [spriggan/+0 spear (4)]
  7511 | Bailey   | HP: 4/93 [ogre/+0 glaive (3)]
  7511 | Bailey   | Slain by an ogre

Illustrated notes

Levels and vault maps discovered:
D:1:      dpeg_arrival_solitude, layout_basic
D:2:      layout_basic, serial_park_tiny_pond, minmay_indecisive_spiral,
          uniq_sigmund
D:3:      layout_rooms, okawaru_gym_becter, corexii_corridor_pit
D:4:      layout_basic
D:5:      layout_rooms, minmay_temple_entry_tees, minmay_misc_feat_iff,
          serial_park_tiny_2, uniq_blork_the_orc
D:6:      layout_basic, mainiacjoe_overflow_catwalk,
          mainiacjoe_overflow_alcove_4, serial_shops, nicolae_shop_crystal,
          kb_rosetta, uniq_crazy_yiuf_cottage
D:7:      layout_cave_pools, serial_gnoll_camp, gnoll_camp_mini_hut,
          gnoll_camp_mini_shop, gnoll_camp_mini_house, gnoll_camp_mini_house,
          gnoll_camp_mini_hut, minmay_crystal_room, minmay_holes, uniq_menkaure
D:8:      layout_cave_pools, dancing_weapons_uskayaw,
          mainiacjoe_overflow_surrounded_room, nicolae_sif_muna_condensation,
          mainiacjoe_overflow_divided_tiny, grunt_tough_drop
D:9:      nzn_winding_woodlands_medium [nzn_winding_woodlands_5x5_perimeter,
          nzn_winding_woodlands_5x15_longhouse,
          nzn_winding_woodlands_5x5_default, nzn_winding_woodlands_hourglass,
          nzn_winding_woodlands_center_garden,
          nzn_winding_woodlands_5x5_checkerboard,
          nzn_winding_woodlands_5x5_open_star,
          nzn_winding_woodlands_5x15_jagged, nzn_winding_woodlands_5x5_default],
          layout_cross, minmay_orc_entry_temple_small,
          ebering_ghost_inner_flame, nicolae_shop_clearance
D:10:     layout_loops_corners, tgw_kikubaaqudgha, kennysheep_mini,
          enter_bailey_5, introduction_to_nature_1
Temple:   nicolae_temple_x_marks_the_god
Bailey:   bailey_polearm_enchanted_keep_hellmonk, bailey

Skill      XL: |  1  2  3  4  5  6  7  8  9 10 11 |
---------------+----------------------------------+-----
Armour         | 2 3 4 5 6 7 |  7.0
Dodging        | 2 |  2.0
Fighting       | 4 5 6 7 8 |  8.7
Axes           | 4 5 6 7 8 |  8.7
Throwing       | 1 2 3 4 5 |  5.9
Evocations     | 1 2 3 4 5 6 7 |  7.2

Action                   |  1- 3 |  4- 6 |  7- 9 | 10-12 || total
-------------------------+-------+-------+-------+-------++-------
Melee: Hand axe          |   117 |   165 |   251 |       ||   533
       Punch             |     2 |     2 |     7 |     3 ||    14
       Tailslap          |     8 |    15 |    44 |    39 ||   106
       War axe           |       |       |    68 |    82 ||   150
       Spear             |       |       |       |   201 ||   201
Invok: Berserk           |       |     4 |     9 |     5 ||    18
       Trog's Hand       |       |     1 |     3 |     4 ||     8
       Brothers in Arms  |       |       |       |     2 ||     2
 Abil: Rolling Charge    |     8 |     3 |    18 |     4 ||    33
Evoke: Wand              |       |       |       |     2 ||     2
  Use: Scroll            |       |     4 |    15 |     5 ||    24
       Potion            |       |       |     1 |     3 ||     4
Armor: Animal skin       |    10 |       |       |       ||    10
       Scale mail        |    49 |    64 |       |       ||   113
       Chain mail        |       |       |   134 |       ||   134
       Gold dragon scale |       |       |   118 |   263 ||   381
Dodge: Dodged            |    53 |    80 |   107 |    96 ||   336
